AoeStats
← Toblerone Order

Nomad

507940542Analyzed
4v4 RM · 13d ago on Sep 20, 2026· 30m 44s· 8 players
Game mode
Random Map
Map size
231×231
Population
200
Speed
Normal
Resources
Standard
Victory
Conquest
Starting age
Dark Age
Ending age
Imperial Age
RankedLock teamsTeams togetherTeam positionsShared explorationLock speedFull tech treeHidden civsTurbo modeCheats
Victory
Defeat
🇨🇳 Mongols · China
1673
+10
🇨🇳 Vietnamese · China
1607
+13
🇭🇰 Spanish · Hong Kong SAR China
1586
+14
🇹🇼 Koreans · Taiwan
1453
+19
🇹🇷 Portuguese · Türkiye
1575
-16
🇮🇳 Persians · India
1546
-14
🇹🇷 Spanish · Türkiye
1510
-13
🇹🇷 Vietnamese · Türkiye
1502
-13
vidsag
4:52 Loom
GPA_PureViolence
14:35 Feudal Age
16:43 Horse Collar
18:06 Loom
19:15 Double-Bit Axe
24:28 Castle Age
23:47 Stone Mining
25:26 Bow Saw
26:17 Fletching
Toblerone Order
5:20 Loom
14:31 Feudal Age
15:03 Fishing Lines
25:11 Castle Age
GPA_PisagorAmca
5:34 Loom
15:20 Feudal Age
19:07 Castle Age
17:11 Double-Bit Axe
19:28 Horse Collar
20:07 Bow Saw
20:20 Fletching
22:33 Bodkin Arrow
23:47 Heavy Plow
24:46 Wheelbarrow
27:38 Padded Archer Armor
29:05 Ballistics
菜就怪隊友
3:54 Loom
15:29 Feudal Age
21:23 Castle Age
19:22 Double-Bit Axe
20:32 Fletching
20:39 Fishing Lines
23:04 Bow Saw
23:55 Bodkin Arrow
28:25 Wheelbarrow
白纸o
5:17 Loom
13:17 Feudal Age
16:57 Castle Age
28:54 Gold Mining
30:03 Horse Collar
冬瀑
6:41 Loom
11:41 Feudal Age
12:14 Double-Bit Axe
15:17 Fishing Lines
17:20 Town Watch
20:55 Castle Age
19:48 Fletching
20:21 Horse Collar
20:33 Gold Mining
20:33 Stone Mining
22:03 Medium Warships
22:22 Bodkin Arrow
22:47 Bow Saw
24:47 Wheelbarrow
25:34 Padded Archer Armor
25:47 Heavy Plow
28:23 Leather Archer Armor
29:11 Bloodlines
29:01 Husbandry
30:15 Gillnets
chenst2020
4:41 Loom
14:36 Feudal Age
17:16 Wheelbarrow
16:54 Double-Bit Axe
23:55 Castle Age
26:00 Hand Cart
Connection lost

Rejoining the realm…

Still unreachable

The connection could not be restored.

Session expired

The server has moved on; the page needs a fresh start.